Map: Dusk Towers

Players

eonblu - Winner!

  • Race: Zerg Zerg
  • League: Master

DemonHunter

  • Race: Terran Terran
  • League: Diamond

DERASTAT

  • Race: Terran Terran
  • League: Diamond

VOD

Have the link to the VOD?

Description

Time

  • Played on: Jan. 31, 2016, 3:51 p.m.
  • Length: 79:36
Show
View Real Time Build Order
Export as new Build Order

eonblu Zerg - Winner!

Build Orders: Hatch First 

Get SALT Encoding   

  12  0:01  Drone  
  13  0:08  Drone  
  14  0:17  Overlord  
  14  0:35  Drone x3  
  17  0:48  Drone  
  18  0:55  Hatchery  
  17  0:59  Drone  
  18  1:12  Spawning Pool  
  18  1:13  Extractor  
  18  1:16  Drone  
  17  1:20  Drone  
  18  1:33  Drone  
  19  1:42  Overlord  
  19  1:58  Queen  
  21  2:02  Zergling x4  
  21  2:06  Queen  
  21  2:07  Drone  
  26  2:12  Drone  
  26  2:15  Metabolic Boost  
  27  2:28  Hatchery  
  26  2:36  Queen  
  28  2:52  Overlord  
  28  2:53  Overlord  
  28  2:57  Drone x3  
  30  3:01  Drone  
  31  3:16  Drone x2  
  31  3:17  Drone x4  
  37  3:23  Zergling x4  
  39  3:27  Drone  
  39  3:32  Lair  
  40  3:43  Roach Warren, Drone x2  
  40  3:45  Drone  
  41  3:58  Drone x2  
  41  3:59  Drone x5  
  48  4:03  Extractor  
  46  4:19  Zergling x4  
  46  4:20  Zergling x6  
  51  4:26  Queen  
  51  4:30  Spore Crawler  
  50  4:31  Glial Reconstitution  
  50  4:33  Roach x3  
  50  4:36  Overlord  
  50  4:37  Overlord  
  58  4:39  Extractor  
  56  4:50  Extractor  
  56  4:52  Drone x4  
  58  5:02  Drone x3  
  58  5:03  Drone x2  
  58  5:04  Drone x6  
  69  5:08  Overseer  
  69  5:09  Overseer  
  69  5:25  Drone  
  69  5:26  Drone x4  
  69  5:27  Overlord x2  
  74  5:49  Ravager x3  
  74  5:58  Extractor x2  
  74  5:59  Overlord  
  74  6:00  Overlord  
  74  6:03  Drone x3  
  75  6:04  Evolution Chamber, Drone x3  
  75  6:05  Evolution Chamber  
  75  6:06  Drone  
  75  6:07  Drone x2  
  75  6:08  Hatchery  
  77  6:27  Spire  
  72  6:36  Drone x2  
  72  6:39  Extractor, Drone x3  
  75  6:48  Drone x2  
  66  7:08  Drone x5  
  68  7:11  Zerg Missile Weapons Level 1, Hatchery, Zerg Ground Armor Level 1, Overlord x2  
  68  7:12  Overlord x2  
  69  7:33  Drone x2  
  69  7:34  Drone x7  
  78  7:45  Corruptor x5  
  78  7:48  Corruptor x3  
  98  7:57  Roach x6  
  106  8:07  Roach x4  
  114  8:14  Overlord  
  114  8:15  Overlord  
  114  8:25  Zerg Flyer Weapons Level 1  
  114  8:27  Overlord x2  
  114  8:28  Overlord  
  114  8:34  Infestation Pit  
  113  8:41  Extractor  
  112  8:42  Extractor, Drone x4  
  112  8:43  Drone x2  
  117  8:50  Roach  
  117  8:51  Roach x14  
  147  9:01  Queen  
  149  9:07  Zerg Missile Weapons Level 2, Zerg Ground Armor Level 2  
  149  9:10  Pathogen Glands  
  149  9:14  Ravager x6  
  149  9:15  Overlord  
  155  9:17  Pneumatized Carapace  
  155  9:43  Roach x13  
  181  9:46  Overlord x3  
  181  9:47  Overlord  
  179  10:04  Overlord x5  
  177  10:13  Ravager x4  
  177  10:14  Ravager x2  
  182  10:17  Drone x3  
  167  10:39  Roach x5  
  167  10:40  Roach x18  
  184  10:49  Roach x3  
  180  11:03  Hive  
  180  11:04  Infestor x5  
  176  11:07  Roach x2  
  158  11:20  Roach x11  
  153  11:33  Roach x9  
  169  11:40  Extractor  
  168  11:54  Roach x12  
  176  11:56  Ravager x2  
  176  11:57  Ravager  
  195  12:12  Overlord x2  
  193  12:23  Roach x3  
  197  12:35  Zerg Missile Weapons Level 3  
  197  12:36  Zerg Ground Armor Level 3  
  195  12:39  Greater Spire  
  173  13:22  Corruptor x2  
  173  13:23  Corruptor x6  
  173  13:24  Corruptor  
  177  13:41  Roach x9  
  186  13:57  Brood Lord x7  
  186  14:00  Extractor  
  199  14:10  Spore Crawler  
  199  14:11  Spine Crawler  
  199  14:12  Spine Crawler x3  
  199  14:13  Spore Crawler  
  199  14:14  Brood Lord x3  
  191  14:50  Ravager  
  191  14:51  Ravager x2  
  191  14:52  Ravager  
  195  14:53  Ravager  
  195  14:54  Hatchery, Ravager  
  195  14:56  Roach x2  
  200  15:04  Zerg Flyer Weapons Level 2  
  148  15:55  Roach x5  
  148  15:56  Roach x10  
  146  16:13  Zerg Melee Weapons Level 1  
  146  16:18  Ultralisk Cavern  
  145  16:20  Corruptor x7  
  145  16:23  Infestor x3  
  145  16:24  Infestor x3  
  171  16:26  Roach x11  
  193  16:33  Extractor x2  
  191  16:41  Spore Crawler  
  191  16:42  Spine Crawler x2  
  191  16:43  Spine Crawler  
  191  16:45  Spore Crawler, Spine Crawler x2  
  184  16:47  Spine Crawler  
  184  16:48  Spine Crawler x2  
  184  16:49  Drone x6  
  184  16:50  Drone x4  
  184  16:51  Drone x3, Spine Crawler  
  193  16:55  Spine Crawler x2  
  193  16:56  Brood Lord x4, Spine Crawler  
  193  16:59  Overseer x3  
  193  17:00  Overseer  
  194  17:51  Brood Lord  
  194  17:52  Brood Lord x2  
  200  18:09  Chitinous Plating  
  200  18:10  Zerg Melee Weapons Level 2  
  200  18:30  Adrenal Glands  
  200  18:44  Burrow  
  184  19:14  Hatchery  
  154  19:46  Zergling x10  
  154  19:47  Zergling x12  
  154  19:48  Zergling x4  
  167  19:54  Ultralisk x5  
  197  20:06  Extractor  
  189  20:30  Zerg Melee Weapons Level 3  
  189  20:32  Zergling x2  
  189  20:33  Zergling x18  
  196  20:48  Extractor  
  166  21:54  Drone x3  
  168  21:59  Zergling x32  
  183  22:03  Overlord  
  183  22:04  Overlord x3  
  183  22:08  Overseer x3  
  183  22:15  Zerg Flyer Weapons Level 3  
  183  22:18  Viper x3  
  170  22:37  Zergling x18  
  170  22:38  Zergling x18  
  188  23:03  Viper x2  
  188  23:04  Viper x2  
  194  23:09  Zergling x2  
  194  23:10  Zergling x6  
  198  23:13  Zergling x2  
  198  23:14  Zergling x2  
  178  24:01  Zergling x10  
  178  24:02  Roach x10  
  198  24:15  Zergling x2  
  198  24:16  Zergling x6  
  181  24:51  Hatchery  
  177  24:53  Extractor  
  177  24:56  Extractor  
  159  25:13  Ultralisk  
  159  25:14  Ultralisk x6  
  175  25:15  Ultralisk  
  175  25:16  Zergling x2  
  200  26:38  Hydralisk Den  
  178  27:27  Overlord x4  
  178  27:28  Overlord  
  178  27:29  Drone x2  
  179  27:30  Drone x4  
  179  27:31  Drone x2  
  177  27:44  Spine Crawler x3  
  177  27:46  Spine Crawler  
  177  27:47  Spine Crawler  
  177  27:49  Overseer x2  
  172  28:07  Infestor x2  
  172  28:08  Infestor x5  
  186  28:13  Muscular Augments  
  186  28:16  Hydralisk x6  
  103  29:24  Zergling x2  
  103  29:25  Zergling x24  
  103  29:26  Roach x11  
  117  29:40  Ultralisk x6  
  153  29:49  Overseer x2  
  153  29:51  Ultralisk x6  
  176  30:24  Infestor x6  
  176  30:25  Infestor  
  190  30:32  Roach x11  
  190  30:42  Hatchery  
  189  30:48  Ravager x11  
  189  30:59  Hydralisk x5  
  175  31:22  Hydralisk  
  175  31:23  Hydralisk x13  
  195  31:28  Overseer x2  
  185  31:48  Zergling x28  
  185  31:49  Zergling x2  
  200  31:56  Spore Crawler x2, Spine Crawler x2  
  200  31:57  Spine Crawler  
  195  32:23  Overseer x2  
  195  32:40  Drone x2, Spore Crawler, Spine Crawler  
  195  32:41  Spine Crawler x2, Drone  
  195  32:42  Spine Crawler  
  195  32:43  Spore Crawler  
  192  32:44  Spore Crawler, Spine Crawler  
  190  32:57  Extractor  
  189  32:59  Extractor  
  188  33:18  Drone x3  
  194  34:26  Drone x3  
  191  35:05  Drone  
  191  35:06  Drone x2  
  194  35:10  Spore Crawler  
  194  35:12  Spine Crawler x2  
  188  36:09  Swarm Host x8  
  189  37:10  Extractor x2, Drone  
  188  37:25  Drone  
  173  39:15  Drone  
  173  39:16  Drone x2  
  176  39:27  Corruptor x5  
  176  39:28  Corruptor  
  188  39:32  Overlord x5  
  188  39:33  Overlord  
  188  39:44  Drone  
  189  39:47  Drone  
  190  40:01  Brood Lord x5  
  200  41:00  Spore Crawler x3  
  191  41:16  Brood Lord  
  193  41:20  Spore Crawler x2  
  193  41:21  Spore Crawler  
  190  41:46  Drone x3  
  193  42:15  Ultralisk  
  185  43:04  Hatchery  
  177  43:41  Drone x6  
  180  43:42  Drone x2  
  185  44:30  Spore Crawler x2  
  185  44:31  Spore Crawler x2  
  182  44:32  Spore Crawler  
  182  44:33  Spore Crawler x2  
  182  44:34  Spore Crawler  
  177  44:42  Corruptor  
  177  44:43  Corruptor x3  
  185  45:15  Brood Lord  
  185  45:16  Brood Lord x3  
  190  45:45  Swarm Host  
  190  45:46  Swarm Host  
  193  46:30  Spore Crawler x3  
  193  46:31  Spore Crawler  
  189  46:33  Spore Crawler x2  
  189  46:36  Spore Crawler x2  
  189  46:38  Spore Crawler  
  184  48:55  Swarm Host  
  187  48:58  Infestor x2  
  187  48:59  Infestor x3  
  197  49:38  Infestor  
  195  51:49  Infestor x2  
  199  52:23  Overseer  
  198  56:23  Viper  
  193  63:46  Drone  
  191  65:24  Drone  
  168  69:12  Overlord x2  
  168  72:03  Viper x4  
  168  72:04  Viper  
  168  72:08  Overlord  
  183  73:09  Overseer  
  183  74:48  Swarm Host  
Show
View Real Time Build Order
Export as new Build Order

DemonHunter Terran 

Build Orders: Liberator Opening, Reaper Expand, Bio Tank 

Get SALT Encoding   

  12  0:01  SCV  
  13  0:13  SCV  
  14  0:17  Supply Depot  
  14  0:25  SCV  
  15  0:39  SCV  
  15  0:40  Barracks  
  16  0:43  Refinery  
  16  0:51  SCV  
  17  1:03  SCV  
  18  1:15  SCV  
  19  1:27  Orbital Command, Reaper  
  20  1:39  Command Center  
  20  1:46  Refinery  
  20  1:53  SCV  
  21  2:00  Supply Depot  
  21  2:06  Factory  
  21  2:09  SCV  
  22  2:17  Barracks Reactor  
  22  2:21  SCV  
  23  2:33  SCV  
  24  2:46  SCV  
  24  2:50  Starport  
  25  2:56  Orbital Command  
  25  2:58  SCV  
  25  3:01  Hellion x2  
  25  3:05  Barracks Tech Lab  
  30  3:10  SCV  
  31  3:15  Refinery  
  31  3:22  Hellion x2, Supply Depot  
  31  3:24  SCV x2  
  37  3:28  Starport Tech Lab  
  37  3:36  Fusion Core  
  37  3:37  SCV  
  37  3:38  SCV  
  39  3:42  Liberator  
  39  3:43  Stimpack  
  42  4:04  Marine  
  42  4:06  Barracks  
  43  4:10  SCV x2  
  45  4:23  SCV x2  
  45  4:25  Factory Tech Lab, Marine  
  45  4:28  Liberator  
  45  4:29  Advanced Ballistics  
  46  4:35  SCV x2  
  46  4:36  Barracks  
  46  4:37  Engineering Bay  
  48  4:39  Engineering Bay  
  44  4:47  SCV  
  44  4:49  SCV  
  46  4:54  Refinery, Marine x2  
  46  4:55  Marine  
  46  4:58  Siege Tank  
  46  4:59  SCV  
  53  5:02  SCV  
  54  5:07  Terran Infantry Weapons Level 1  
  54  5:10  Supply Depot  
  54  5:13  Supply Depot, SCV  
  55  5:14  SCV  
  55  5:16  Marine x2  
  55  5:17  Marine  
  59  5:23  Terran Infantry Armor Level 1  
  59  5:25  SCV, Barracks Reactor  
  60  5:36  Marine x2  
  60  5:37  SCV  
  60  5:38  SCV  
  64  5:47  Command Center  
  64  5:49  SCV  
  65  5:54  Marine  
  65  5:55  Combat Shields  
  66  5:58  Missile Turret  
  66  5:59  SCV  
  66  6:03  Marine x4  
  71  6:06  Liberator  
  71  6:07  SCV  
  71  6:10  Missile Turret  
  72  6:16  Armory  
  72  6:17  Siege Tank  
  78  6:31  SCV x2  
  77  6:33  Marine  
  77  6:38  Supply Depot  
  78  6:40  Supply Depot x2, Marine x3  
  78  6:45  SCV x2  
  83  6:51  Barracks  
  80  7:02  SCV  
  80  7:06  Marine x5  
  86  7:09  Siege Tank  
  86  7:13  SCV  
  90  7:17  SCV  
  90  7:19  Starport Reactor  
  91  7:25  Orbital Command, SCV  
  91  7:27  Terran Infantry Armor Level 2  
  91  7:29  SCV  
  93  7:31  Marine x4  
  93  7:32  Marine  
  98  7:38  SCV  
  98  7:39  Barracks Reactor  
  98  7:41  Siege Tank  
  98  7:42  SCV  
  103  7:44  Barracks  
  103  7:50  Marine, SCV  
  103  7:51  Marine x3  
  107  7:52  Marine  
  107  7:55  Refinery  
  107  7:56  SCV x2  
  107  7:57  Medivac x2  
  115  8:06  Supply Depot  
  115  8:07  Supply Depot  
  115  8:08  Marine x2  
  115  8:12  Marine x3  
  120  8:14  Siege Tank  
  120  8:16  SCV  
  124  8:20  Supply Depot  
  124  8:22  Supply Depot  
  124  8:23  Marine  
  125  8:27  Marine x3  
  125  8:28  Medivac x2  
  125  8:29  Marine, SCV  
  125  8:31  Supply Depot  
  125  8:33  Supply Depot  
  125  8:34  Marine x2  
  135  8:35  Marine  
  135  8:41  Marine  
  138  8:45  Marine x3  
  138  8:47  Marine  
  142  8:49  Command Center  
  142  8:52  Marine  
  142  8:53  Marine x2  
  145  8:58  Medivac x2, Marine  
  150  9:08  Marine x2, Siege Tank  
  150  9:09  Marine x2  
  157  9:12  Engineering Bay  
  157  9:15  Marine x3  
  157  9:16  Missile Turret, Marine  
  161  9:20  SCV x3  
  161  9:22  Refinery  
  164  9:24  Supply Depot  
  164  9:27  Supply Depot  
  164  9:30  Medivac x2, Marine  
  164  9:31  Marine x2  
  170  9:35  Marine x2  
  173  9:43  Terran Infantry Weapons Level 2  
  173  9:45  Marine  
  173  9:47  Terran Infantry Armor Level 3  
  171  10:03  Marine x4  
  171  10:04  Siege Tank  
  171  10:05  Marine x4  
  179  10:21  Marine x2  
  180  10:24  Marine x6  
  187  10:29  Barracks  
  187  10:31  Barracks, Factory  
  187  10:34  Ghost Academy  
  181  10:38  Marine  
  181  10:39  Marine  
  162  10:49  Marine  
  161  10:50  Marine x5, Siege Tank  
  161  10:54  Medivac x2  
  170  11:04  Planetary Fortress  
  164  11:05  Starport  
  164  11:06  SCV x3  
  164  11:09  Marine  
  164  11:10  Marine x7  
  113  11:33  Marine, Barracks Reactor x2  
  113  11:34  Marine x6  
  113  11:35  Factory Tech Lab  
  113  11:37  Siege Tank  
  113  11:38  Medivac x2  
  123  11:48  Missile Turret  
  123  11:51  Marine  
  123  11:52  Marine x5  
  130  11:55  Starport Reactor  
  131  12:03  Terran Infantry Weapons Level 3  
  131  12:05  Ghost  
  131  12:07  Ghost  
  132  12:09  Marine, Barracks Tech Lab  
  132  12:10  Marine x7  
  132  12:12  SCV, Siege Tank  
  144  12:19  Liberator x2  
  144  12:20  Liberator x2  
  144  12:33  Marine x9  
  144  12:34  Ghost  
  144  12:36  Ghost  
  163  12:42  Refinery, Siege Tank  
  171  12:44  Siege Tank  
  171  12:46  Command Center  
  174  12:52  Command Center  
  170  13:05  Liberator x3, Marine  
  165  13:07  Marine x2  
  165  13:08  Marine x2, Ghost x2  
  172  13:19  Personal Cloaking  
  179  13:33  Refinery  
  168  13:39  Marine, Ghost x2  
  168  13:40  Marine x2  
  168  13:41  Marine x3  
  136  13:51  Siege Tank  
  136  13:53  Siege Tank  
  142  14:01  Missile Turret  
  142  14:02  Liberator x2, Sensor Tower  
  142  14:05  Marine  
  142  14:07  Marine x6  
  149  14:21  Marine x2  
  157  14:24  Ghost  
  157  14:31  Planetary Fortress  
  159  14:34  Missile Turret  
  159  14:47  Refinery  
  159  14:56  Medivac x2  
  163  15:00  Missile Turret x2  
  163  15:02  Orbital Command, Missile Turret  
  163  15:03  Missile Turret  
  163  15:04  Missile Turret  
  163  15:09  Missile Turret  
  163  15:10  Viking  
  163  15:11  Viking  
  167  15:15  Missile Turret  
  146  15:31  Missile Turret  
  122  15:40  Liberator x3  
  102  15:54  Marine x2, Ghost  
  102  15:55  Marine x6, Ghost x2  
  102  15:57  Siege Tank x2  
  122  16:09  Command Center  
  118  16:12  Marine  
  119  16:28  Marine x2, Ghost  
  119  16:30  SCV x2  
  119  16:31  SCV x2  
  127  16:42  SCV  
  127  16:45  Medivac  
  127  16:46  Medivac  
  132  16:47  Marine x4  
  132  16:49  Ghost  
  138  17:00  Liberator x2  
  138  17:05  Ghost  
  138  17:06  Siege Tank  
  138  17:08  Marine x3, Siege Tank  
  146  17:09  Marine x2  
  150  17:21  Planetary Fortress  
  148  17:24  SCV x4  
  152  17:30  Marine x2  
  152  17:31  Marine x6  
  152  17:32  Ghost  
  162  17:49  SCV  
  162  17:50  Marine x3  
  166  17:51  Siege Tank  
  166  17:52  Siege Tank, Ghost  
  174  17:58  Refinery  
  174  18:01  SCV  
  170  18:06  Command Center  
  170  18:10  Marine x5  
  170  18:11  Marine, Ghost x2  
  178  18:19  Missile Turret  
  178  18:20  Missile Turret  
  178  18:21  SCV  
  178  18:22  Refinery, SCV, Missile Turret  
  178  18:23  Refinery, SCV  
  178  18:24  SCV  
  182  18:29  Viking x2  
  182  18:33  SCV  
  187  18:36  Viking x2  
  190  18:45  SCV  
  190  18:50  Command Center  
  190  18:53  Marine x3  
  190  18:54  Command Center, Marine x2  
  195  18:57  Siege Tank  
  195  18:59  Viking  
  197  19:19  Nuke  
  180  19:39  Liberator x2  
  178  19:51  Marine  
  178  19:52  Marine x3, Ghost x2  
  175  19:53  Marine x5  
  175  19:54  Siege Tank  
  175  19:55  Siege Tank  
  175  19:57  Viking x2  
  199  20:09  Marine  
  198  20:45  Planetary Fortress  
  198  20:46  SCV  
  198  20:47  SCV  
  200  20:59  Missile Turret x2  
  200  21:01  Missile Turret, Nuke  
  200  21:03  Missile Turret  
  200  21:19  Factory Reactor  
  200  21:20  Factory Reactor  
  200  21:21  Command Center  
  179  21:38  Liberator x3  
  177  21:51  Orbital Command, Marine x3, Ghost  
  177  21:52  Marine x2, Ghost  
  177  21:53  Refinery, SCV x2  
  177  21:54  Refinery  
  196  22:05  SCV x2  
  198  22:09  Missile Turret  
  198  22:33  Missile Turret  
  198  22:36  Marine x3  
  194  22:56  Ghost x2  
  194  22:57  Marine x2, Ghost  
  194  22:58  Marine x4  
  192  23:09  Orbital Command  
  192  23:12  Widow Mine x2  
  196  23:13  Widow Mine x2  
  200  23:21  Armory  
  200  23:29  Missile Turret  
  200  23:31  Planetary Fortress, Barracks Tech Lab x2  
  200  23:32  Missile Turret  
  200  23:34  Missile Turret  
  200  23:38  Missile Turret  
  200  23:41  Missile Turret  
  200  23:42  Missile Turret  
  169  24:06  Ghost  
  169  24:07  Ghost  
  169  24:09  Widow Mine x3  
  177  24:10  SCV, Widow Mine  
  177  24:13  Refinery  
  177  24:14  Refinery  
  182  24:20  Factory  
  182  24:32  Medivac  
  182  24:34  Starport Reactor  
  182  24:37  Barracks Tech Lab  
  184  24:38  Barracks Tech Lab  
  184  24:50  Medivac  
  177  24:54  Supply Depot  
  177  24:55  Supply Depot  
  177  24:59  Supply Depot  
  177  25:00  Supply Depot x2, Widow Mine  
  177  25:02  Widow Mine x3  
  139  25:20  Ghost Academy  
  139  25:27  Marine x5  
  144  25:29  Drilling Claws, Widow Mine  
  144  25:31  Widow Mine  
  148  25:36  Missile Turret  
  148  25:37  Missile Turret  
  148  25:54  Ghost x2  
  152  26:00  Ghost  
  154  26:09  Liberator  
  154  26:12  Ghost  
  154  26:13  Liberator  
  154  26:14  Widow Mine x2  
  160  26:20  Ghost  
  160  26:23  Liberator  
  160  26:24  Liberator  
  168  26:39  Orbital Command  
  174  26:49  Sensor Tower  
  174  27:04  Ghost x2  
  178  27:16  Liberator x2  
  178  27:28  Widow Mine  
  178  27:29  Widow Mine x2  
  184  27:31  Starport Tech Lab  
  184  27:33  Ghost  
  184  27:35  Marine x3  
  184  27:36  Marine  
  196  27:48  Command Center  
  196  27:50  Widow Mine  
  198  27:53  Widow Mine  
  200  28:05  Missile Turret x2  
  200  28:12  Nuke  
  200  28:22  Command Center  
  200  28:23  Command Center  
  200  28:31  Sensor Tower  
  200  28:38  Sensor Tower  
  200  28:39  Orbital Command  
  200  28:42  Armory  
  198  28:50  Armory  
  182  29:04  SCV x2  
  182  29:05  SCV x3  
  174  29:16  SCV  
  105  29:27  Liberator x2  
  105  29:29  Liberator  
  93  29:38  Ghost x4  
  85  29:39  Ghost  
  85  29:40  Marine  
  85  29:41  Marine x3, Widow Mine  
  85  29:42  Widow Mine x4  
  115  29:46  Missile Turret x2  
  118  29:54  SCV x4  
  122  30:06  SCV  
  123  30:07  Missile Turret  
  119  30:21  Marine x3  
  120  30:22  Marine, Widow Mine, Ghost x4  
  120  30:23  Widow Mine x4  
  141  30:45  Orbital Command  
  141  30:47  Medivac x3  
  141  30:49  Terran Vehicle Weapons Level 1  
  147  30:50  Marine x3  
  147  30:51  Ghost  
  147  30:52  Orbital Command  
  147  30:54  Terran Vehicle And Ship Armor Level 1  
  152  31:02  Widow Mine x2  
  152  31:03  Ghost x2  
  160  31:05  Orbital Command  
  153  31:28  Planetary Fortress  
  153  31:32  Ghost  
  153  31:33  Widow Mine x3, Ghost  
  153  31:34  Widow Mine x2  
  153  31:35  Marine x4  
  153  31:36  Marine x2  
  153  31:37  Marine  
  174  31:47  Sensor Tower  
  174  31:49  Liberator x2  
  180  32:21  Command Center  
  180  32:23  Ghost  
  180  32:25  Marine x3  
  180  32:26  Marine  
  186  32:36  Missile Turret  
  186  32:40  Missile Turret x2  
  186  32:59  Ghost  
  186  33:02  Ghost  
  186  33:03  Ghost  
  192  33:15  Widow Mine x4  
  200  33:24  Terran Ship Weapons Level 1  
  200  33:25  Terran Vehicle And Ship Armor Level 2  
  198  34:19  Missile Turret  
  198  34:20  Missile Turret  
  198  34:21  Missile Turret  
  198  34:22  Widow Mine  
  200  34:25  Planetary Fortress  
  200  35:17  Orbital Command  
  200  35:28  Orbital Command  
  200  35:53  Command Center  
  200  35:59  Command Center  
  200  37:04  Nuke  
  200  37:08  Ghost Academy  
  198  37:10  Ghost Academy  
  198  37:13  Planetary Fortress  
  198  37:15  Planetary Fortress, Command Center  
  198  37:21  Missile Turret  
  186  37:29  Missile Turret  
  198  37:30  Missile Turret  
  198  37:31  Missile Turret  
  198  37:33  Missile Turret  
  186  38:06  Terran Ship Weapons Level 2  
  186  38:07  Starport Tech Lab  
  186  38:10  Starport  
  186  38:11  Starport Tech Lab  
  186  38:19  Factory Tech Lab  
  186  38:29  Banshee  
  186  38:30  Cloaking Field  
  186  38:32  Banshee  
  186  38:33  Hyperflight Rotors  
  192  38:39  Planetary Fortress  
  187  39:10  Starport Tech Lab  
  187  39:20  Banshee x2  
  196  40:16  Viking  
  193  40:57  Viking  
  193  41:26  Orbital Command  
  185  42:35  Refinery  
  185  43:02  Orbital Command  
  182  43:38  Liberator x2  
  182  44:01  Liberator  
  182  44:05  Orbital Command  
  182  44:30  Liberator x2  
  176  44:45  Refinery  
  176  44:46  Refinery  
  182  44:54  Terran Vehicle And Ship Armor Level 3  
  182  44:59  Terran Vehicle Weapons Level 2  
  182  46:13  Marine  
  182  46:14  Marine x3  
  182  46:15  Factory Tech Lab, Marine x2  
  187  46:40  Thor  
  188  47:22  Missile Turret  
  188  47:23  Missile Turret x2  
  188  47:24  Missile Turret x4  
  188  47:26  Missile Turret  
  188  47:29  Orbital Command  
  188  47:47  Refinery  
  188  47:49  Nuke  
  188  48:00  Nuke  
  182  48:28  Orbital Command  
  178  49:00  Refinery x2  
  178  49:20  Orbital Command  
  172  49:51  Raven  
  171  51:04  Missile Turret  
  171  51:07  Missile Turret  
  171  51:09  Missile Turret  
  171  51:10  Missile Turret  
  171  51:17  Command Center  
  165  51:35  Banshee  
  168  51:52  Refinery x2  
  166  53:04  Orbital Command  
  158  53:39  Planetary Fortress  
  150  56:16  Banshee  
  153  56:21  Orbital Command  
  153  56:53  Refinery  
  153  56:54  Refinery  
  152  57:16  Refinery  
  152  57:20  Orbital Command  
  143  59:40  Raven  
  141  59:53  Orbital Command  
  131  61:14  Orbital Command  
  129  62:32  Medivac  
  127  67:37  Orbital Command  
Show
View Real Time Build Order
Export as new Build Order

DERASTAT Terran 

Build Orders:  

Get SALT Encoding   

Tags
 
Add a new tag
Caveats
  • Supply blocks, unpowered buildings, or Contaminate may cause inaccurate times.
  • Supply counts are checked every 10 seconds.